Influenza vs Monarchs
Created - October 24, 2020 at 21:07
Goals
|
| Influenza |
1 |
2 |
3 |
6 |
| Monarchs |
1 |
2 |
1 |
4 |
|
Shots
|
| Influenza |
8 |
7 |
11 |
26 |
| Monarchs |
17 |
8 |
7 |
32 |
|
1st period
1. Influenza , Pavel Zacha 1 (JT Compher 1, Lucas Lessio 1) at 10:24
2. Monarchs , Frank Vatrano 1 (Neal Pionk 1, Zach Werenski 6) at 14:45
Penalties :
Kurtis Macdermid (MAN) for Roughing (Minor) at 16:10
2nd period
3. Influenza , Iiro Pakarinen 1 (Dmitry Sinitsyn 2) at 1:55
4. Monarchs , Nick Ritchie 4 (Travis Konecny 5, Stefan Matteau 3) at 6:36
5. Influenza , Lucas Lessio 3 (Colton Sissons 1, Justin Bailey 1) at 7:24
6. Monarchs , Nicholas Baptiste 1 (Neal Pionk 2) at 11:31
Penalties :
Justin Bailey (VJB) for Holding (Minor) at 11:58, Stefan Matteau (MAN) for High sticking (Double Minor) at 16:04
3rd period
7. Influenza , Max Domi 3 (Bo Horvat 4) at 3:26 (PP)
8. Influenza , Ryan Dzingel 2 (Markus Nutivaara 2, Dmitry Sinitsyn 3) at 7:53
9. Monarchs , Nick Ritchie 5 (Travis Konecny 6, Neal Pionk 3) at 15:45
10. Influenza , Bo Horvat 1 (Max Domi 1, Iiro Pakarinen 2) at 19:24 (Empty Net)
Penalties :
Tom Wilson (MAN) for Interference (Minor) at 1:43, Luca Sbisa (VJB) for Hooking (Minor) at 3:48
Goalie Stats
Malcolm Subban (VJB), 28 saves from 32 shots - (0.875), W, 1-2-0, 60:00 minutes
Alexandar Georgiev (MAN), 16 saves from 21 shots - (0.762), L, 1-1-0, 47:53 minutes
Jake Allen (MAN), 4 saves from 4 shots - (1.000), 11:38 minutes
Players Stats for Influenza
Player Name G A P +/- PIM S H SB GA TA FO MP PP MP PK MP
------------------------------------------------------------------------------------
Bo Horvat 1 1 2 2 0 5 4 0 1 0 8/19 21:05 3:32 0:44
Brock Boeser 0 0 0 -1 0 2 0 0 0 0 0/1 11:37 0:42 0:00
Colton Sissons 0 1 1 -1 0 0 2 0 0 0 4/10 13:50 0:55 2:00
Dmitry Sinitsyn 0 2 2 1 0 1 0 0 1 0 0/0 21:07 3:35 2:04
Iiro Pakarinen 1 1 2 2 0 3 2 2 1 0 1/2 21:06 3:27 1:04
JT Compher 0 1 1 -1 0 2 3 0 0 0 0/1 16:08 3:27 0:00
Justin Bailey 0 1 1 -1 2 1 2 0 1 0 0/0 17:07 3:32 0:00
Luca Sbisa 0 0 0 1 2 1 2 0 0 3 0/0 24:39 3:56 0:56
Lucas Lessio 1 1 2 -1 0 1 2 0 0 0 0/0 13:14 0:00 1:31
Markus Nutivaara 0 1 1 0 0 1 1 0 0 1 0/0 15:08 0:10 0:14
Max Domi 1 1 2 2 0 4 1 0 0 0 2/3 20:19 3:30 0:00
Noah Hanifin 0 0 0 -1 0 0 0 1 0 1 0/0 17:39 3:35 0:44
Pavel Zacha 1 0 1 -1 0 3 2 0 0 0 7/11 17:24 3:22 0:33
Roland McKeown 0 0 0 -1 0 0 0 0 0 0 0/0 15:47 0:00 1:54
Ryan Dzingel 1 0 1 1 0 2 0 0 1 1 0/0 9:48 0:36 2:04
Shane Prince 0 0 0 1 0 0 1 0 0 3 1/1 7:08 0:00 0:00
Tim Erixon 0 0 0 2 0 0 1 3 0 1 0/0 25:46 4:06 2:04
Tom Kuhnhackl 0 0 0 1 0 0 0 0 0 0 0/0 7:08 0:00 0:00
Players Stats for Monarchs
Player Name G A P +/- PIM S H SB GA TA FO MP PP MP PK MP
------------------------------------------------------------------------------------
Anthony Cirelli 0 0 0 1 0 1 0 0 0 0 11/18 18:10 1:55 3:57
Brayden Point 0 0 0 -1 0 0 1 0 1 1 6/10 14:51 1:56 0:00
Collin Miller 0 0 0 0 0 0 0 0 0 0 0/0 4:33 0:00 4:26
Damon Severson 0 0 0 0 0 3 0 0 1 0 0/0 15:46 2:33 0:00
Frank Vatrano 1 0 1 1 0 3 3 0 3 0 0/0 13:41 0:07 1:19
Jacob De La Rose 0 0 0 1 0 1 1 0 0 0 1/1 16:26 0:00 4:05
Joel Eriksson Ek 0 0 0 -1 0 1 2 0 0 0 0/0 11:54 0:00 2:28
Kurtis Macdermid 0 0 0 0 2 0 0 0 0 0 0/0 7:35 0:00 0:00
Matt Roy 0 0 0 0 0 0 1 0 0 0 0/0 7:35 0:00 0:00
Max Friberg 0 0 0 -1 0 3 0 0 0 1 1/3 11:48 0:00 2:22
Neal Pionk 0 3 3 0 0 0 0 0 0 0 0/0 15:59 1:25 1:07
Nicholas Baptiste 1 0 1 -1 0 2 1 0 1 0 0/0 9:26 0:00 0:00
Nick Ritchie 2 0 2 1 0 5 1 0 0 0 0/0 15:04 1:56 0:00
Olli Maatta 0 0 0 -2 0 1 3 2 0 2 0/0 20:29 0:00 4:12
Ryan Pulock 0 0 0 1 0 1 2 0 0 0 0/0 12:40 1:25 0:00
Seth Helgeson 0 0 0 1 0 0 1 0 0 0 0/0 14:03 0:00 3:01
Stefan Matteau 0 1 1 0 4 5 2 1 0 0 4/9 13:55 0:07 0:00
Tim Schaller 0 0 0 -2 0 1 2 0 1 0 0/4 16:30 1:55 1:11
Tom Wilson 0 0 0 -1 2 0 3 0 2 1 1/2 14:43 1:55 0:00
Travis Konecny 0 2 2 0 0 1 1 0 1 0 1/1 15:48 2:03 0:00
Zach Werenski 0 1 1 -2 0 4 0 2 0 0 0/0 21:20 2:33 2:36
3 Stars
1 - Bo Horvat (VJB)
2 - Iiro Pakarinen (VJB)
3 - Max Domi (VJB)
Power Play
Influenza - 1 on 4 Attempt(s) - 25.00%
Monarchs - 0 on 2 Attempt(s) - 0.00%
Penalty Kill
Influenza - 2 on 2 Attempt(s) - 100.00%
- Score 0 goal in Penalty Kill
Monarchs - 3 on 4 Attempt(s) - 75.00%
- Score 0 goal in Penalty Kill
Team Stat
Influenza - Hits : 23 - Faceoff Wins : 23 - Blocked Shots : 6 - Penalty Minutes : 4
Monarchs - Hits : 24 - Faceoff Wins : 25 - Blocked Shots : 5 - Penalty Minutes : 8
Official
Referees : Unknown
Linesman : Unknown
Game Notes
Jake Allen enters game at 7:53 of 3rd period
Bo Horvat has scored in a empty net!
Finance
Level 1 -- Attendance: 1908 (95.40%) -- Ticket Income $47,700
Level 2 -- Attendance: 1000 (100.00%) -- Ticket Income $10,000
Total Attendance: 2908 (96.93%)
Total Ticket Income: $57,700
Other Income: $2,885
Total Income: $60,585
Influenza
5 vs 5 Forward
Center Left Wing Right Wing Time % Phy DF OF
1 Bo Horvat Max Domi Iiro Pakarinen 40 1 2 2
2 Pavel Zacha JT Compher Justin Bailey 30 1 2 2
3 Colton Sissons Lucas Lessio Brock Boeser 20 1 2 2
4 Shane Prince Ryan Dzingel Tom Kuhnhackl 10 1 2 2
5 vs 5 Defense
Defense Defense Time % Phy DF OF
1 Tim Erixon Luca Sbisa 40 1 2 2
2 Dmitry Sinitsyn Markus Nutivaara 30 1 2 2
3 Noah Hanifin Roland McKeown 20 1 2 2
4 Tim Erixon Luca Sbisa 10 1 2 2
PowerPlay Forward
Center Left Wing Right Wing Time % Phy DF OF
1 Bo Horvat Max Domi Justin Bailey 60 1 2 2
2 Pavel Zacha JT Compher Iiro Pakarinen 40 1 2 2
PowerPlay Defense
Defense Defense Time % Phy DF OF
1 Tim Erixon Luca Sbisa 60 1 2 2
2 Dmitry Sinitsyn Noah Hanifin 40 1 2 2
Penalty Kill 4 Players Forward
Center Wing Time % Phy DF OF
1 Colton Sissons Ryan Dzingel 60 1 2 2
2 Bo Horvat Lucas Lessio 40 1 2 2
Penalty Kill 4 Players Defense
Defense Defense Time % Phy DF OF
1 Tim Erixon Dmitry Sinitsyn 60 1 2 2
2 Roland McKeown Luca Sbisa 40 1 2 2
Penalty Kill - 3 Players Forward
Forward Time % Phy DF OF
1 Colton Sissons 60 1 2 2
2 Bo Horvat 40 1 2 2
Penalty Kill - 3 Players Defense
Defense Defense Time % Phy DF OF
1 Tim Erixon Dmitry Sinitsyn 60 1 2 2
2 Roland McKeown Luca Sbisa 40 1 2 2
4 vs 4 Forward
Center Wing Time % Phy DF OF
1 Bo Horvat Max Domi 60 1 2 2
2 Colton Sissons Iiro Pakarinen 40 1 2 2
4 vs 4 Defense
Defense Defense Time % Phy DF OF
1 Tim Erixon Dmitry Sinitsyn 60 1 2 2
2 Markus Nutivaara Noah Hanifin 40 1 2 2
Last Minutes Offensive
Center Left Wing Right Wing Defense Defense
Bo Horvat Max Domi Iiro Pakarinen Tim Erixon Luca Sbisa
Last Minutes Defensive
Center Left Wing Right Wing Defense Defense
Bo Horvat Max Domi Iiro Pakarinen Tim Erixon Dmitry Sinitsyn
Goaltenders
Starting : Malcolm Subban
Backup : Charlie Lindgren
Extra Forwards
Normal : Pavel Zacha, Iiro Pakarinen, Justin Bailey - PP : Iiro Pakarinen, Colton Sissons - PK : Iiro Pakarinen
Extra Defensemen
Normal : Markus Nutivaara, Noah Hanifin, Roland McKeown - PP : Markus Nutivaara - PK : Noah Hanifin, Roland McKeown
Penalty Shots
Bo Horvat, Colton Sissons, Ryan Dzingel, Tom Kuhnhackl, Max Domi
Scratches
Jeff Corbett (Healthy), Aleksi Saarela (Healthy), Henri Ikonen (Healthy), Johan Larsson (Healthy), Jakob Forsbacka-Karlsson (Healthy)
Blake Lizotte (Healthy), Radovan Bondra (Healthy), Simon Bourque (Healthy), Mitchell Moroz (Healthy), Jesse Graham (Healthy)
Jake Walman (Healthy), Conner Bleackley (Healthy), Brycen Martin (Healthy), Jaden Lindo (Healthy), Jamie Phillips (Healthy)
Monarchs
5 vs 5 Forward
Center Left Wing Right Wing Time % Phy DF OF
1 Brayden Point Tim Schaller Tom Wilson 30 1 2 2
2 Stefan Matteau Nick Ritchie Travis Konecny 30 1 2 2
3 Anthony Cirelli Jacob De La Rose Frank Vatrano 25 1 3 1
4 Joel Eriksson Ek Max Friberg Nicholas Baptiste 15 1 3 1
5 vs 5 Defense
Defense Defense Time % Phy DF OF
1 Olli Maatta Zach Werenski 35 1 2 2
2 Neal Pionk Damon Severson 30 1 2 2
3 Seth Helgeson Ryan Pulock 25 1 2 2
4 Matt Roy Kurtis Macdermid 10 2 2 1
PowerPlay Forward
Center Left Wing Right Wing Time % Phy DF OF
1 Brayden Point Nick Ritchie Travis Konecny 60 0 1 4
2 Anthony Cirelli Tim Schaller Tom Wilson 40 0 1 4
PowerPlay Defense
Defense Defense Time % Phy DF OF
1 Damon Severson Zach Werenski 60 0 2 3
2 Neal Pionk Ryan Pulock 40 0 2 3
Penalty Kill 4 Players Forward
Center Wing Time % Phy DF OF
1 Anthony Cirelli Jacob De La Rose 60 1 3 1
2 Max Friberg Joel Eriksson Ek 40 1 3 1
Penalty Kill 4 Players Defense
Defense Defense Time % Phy DF OF
1 Olli Maatta Collin Miller 60 1 3 1
2 Seth Helgeson Collin Miller 40 1 3 1
Penalty Kill - 3 Players Forward
Forward Time % Phy DF OF
1 Max Friberg 60 1 3 1
2 Anthony Cirelli 40 1 3 1
Penalty Kill - 3 Players Defense
Defense Defense Time % Phy DF OF
1 Collin Miller Olli Maatta 60 1 3 1
2 Collin Miller Seth Helgeson 40 1 3 1
4 vs 4 Forward
Center Wing Time % Phy DF OF
1 Tim Schaller Brayden Point 60 1 2 2
2 Tom Wilson Travis Konecny 40 1 2 2
4 vs 4 Defense
Defense Defense Time % Phy DF OF
1 Damon Severson Zach Werenski 60 1 2 2
2 Olli Maatta Neal Pionk 40 1 2 2
Last Minutes Offensive
Center Left Wing Right Wing Defense Defense
Stefan Matteau Tim Schaller Travis Konecny Damon Severson Zach Werenski
Last Minutes Defensive
Center Left Wing Right Wing Defense Defense
Anthony Cirelli Jacob De La Rose Max Friberg Olli Maatta Zach Werenski
Goaltenders
Starting : Alexandar Georgiev
Backup : Jake Allen
Extra Forwards
Normal : Max Friberg, Travis Konecny, Tom Wilson - PP : Frank Vatrano, Stefan Matteau - PK : Frank Vatrano
Extra Defensemen
Normal : Zach Werenski, Neal Pionk, Damon Severson - PP : Olli Maatta - PK : Zach Werenski, Neal Pionk
Penalty Shots
Brayden Point, Travis Konecny, Tim Schaller, Damon Severson, Max Friberg
Scratches
Jacob Josefson (Healthy), Kyle Connor (Left Forearm Injury), Jordan Greenway (Healthy), Dennis Gilbert (Healthy), Zack MacEwen (Healthy)
Bokondji Imama (Healthy), Derek Forbort (Healthy), Josh Anderson (Healthy), Gustav Forsling (Healthy), Austin Wuthrich (Healthy)
Joonas Lyytinen (Healthy), Eamon McAdam (Healthy)
% Time on Ice - Influenza
Lines # - Real PCT - Wanted PCT - Time Play
Normal Forward
1 - 36% - 40% - 17:01
2 - 27% - 30% - 12:41
3 - 23% - 20% - 10:55
4 - 15% - 10% - 7:08
Normal Defense
1 - 38% - 40% - 17:57
2 - 33% - 30% - 15:52
3 - 27% - 20% - 12:53
4 - 2% - 10% - 1:03
PP Forward
1 - 55% - 60% - 4:14
2 - 45% - 40% - 3:27
PP Defense
1 - 53% - 60% - 4:06
2 - 47% - 40% - 3:35
PK Forward
1 - 82% - 60% - 3:14
2 - 18% - 40% - 0:44
PK Defense
1 - 52% - 60% - 2:04
2 - 48% - 40% - 1:54
PK3 Forward
1 - 0% - 60%
2 - 0% - 40%
PK3 Defense
1 - 0% - 60%
2 - 0% - 40%
44 Forward
1 - 0% - 60%
2 - 0% - 40%
44 Defense
1 - 0% - 60%
2 - 0% - 40%
Last Minute Offensive - 0:00
Last Minute Defensive - 0:36
Total
Forward - 60:00
Defense - 60:00
|
% Time on Ice - Monarchs
Lines # - Real PCT - Wanted PCT - Time Play
Normal Forward
1 - 27% - 30% - 13:05
2 - 27% - 30% - 13:02
3 - 26% - 25% - 12:13
4 - 20% - 15% - 9:26
Normal Defense
1 - 33% - 35% - 15:42
2 - 28% - 30% - 13:28
3 - 23% - 25% - 11:01
4 - 16% - 10% - 7:35
PP Forward
1 - 52% - 60% - 2:03
2 - 48% - 40% - 1:55
PP Defense
1 - 64% - 60% - 2:33
2 - 36% - 40% - 1:25
PK Forward
1 - 69% - 60% - 5:19
2 - 31% - 40% - 2:22
PK Defense
1 - 61% - 60% - 4:40
2 - 39% - 40% - 3:01
PK3 Forward
1 - 0% - 60%
2 - 0% - 40%
PK3 Defense
1 - 0% - 60%
2 - 0% - 40%
44 Forward
1 - 0% - 60%
2 - 0% - 40%
44 Defense
1 - 0% - 60%
2 - 0% - 40%
Last Minute Offensive - 0:35
Last Minute Defensive - 0:00
Total
Forward - 60:00
Defense - 60:00
|
Play-by-Play
1st period
0:01 of 1st period - Bo Horvat wins face-off versus Tom Wilson in neutral zone.
0:03 of 1st period - Off-side.
0:04 of 1st period - Max Domi wins face-off versus Tim Schaller in neutral zone.
0:07 of 1st period - Slapshot by Bo Horvat.
0:07 of 1st period - Stopped by Alexandar Georgiev with a rebound.
0:23 of 1st period - Luca Sbisa is hit by Olli Maatta and loses puck.
0:58 of 1st period - Wrist shot by Tom Wilson.
0:58 of 1st period - Shot Misses the Net.
1:00 of 1st period - Slapshot by Zach Werenski.
1:00 of 1st period - Stopped by Malcolm Subban with a rebound.
1:02 of 1st period - Wrist shot by Tom Wilson.
1:02 of 1st period - Shot Misses the Net.
1:10 of 1st period - Snap shot by Bo Horvat.
1:10 of 1st period - Shot Misses the Net.
2:04 of 1st period - Snap shot by Tom Wilson.
2:04 of 1st period - Deflect By Tim Schaller.
2:04 of 1st period - Shot Blocked by Tim Erixon.
2:04 of 1st period - Puck is out of play.
2:05 of 1st period - Stefan Matteau wins face-off versus Pavel Zacha in Influenza zone.
2:08 of 1st period - Snap shot by Stefan Matteau.
2:08 of 1st period - Stopped by Malcolm Subban without a rebound.
2:09 of 1st period - Pavel Zacha wins face-off versus Stefan Matteau in Influenza zone.
2:14 of 1st period - Markus Nutivaara is hit by Nick Ritchie and loses puck.
3:05 of 1st period - Slapshot by Ryan Pulock.
3:05 of 1st period - Stopped by Malcolm Subban with a rebound.
3:07 of 1st period - Snap shot by Max Friberg.
3:07 of 1st period - Shot Hit the Post.
4:44 of 1st period - Icing by Tim Erixon.
4:45 of 1st period - Anthony Cirelli wins face-off versus Pavel Zacha in Influenza zone.
4:46 of 1st period - Slapshot by Frank Vatrano.
4:46 of 1st period - Deflect By Anthony Cirelli.
4:46 of 1st period - Shot Misses the Net.
4:46 of 1st period - Puck is out of play.
4:47 of 1st period - Pavel Zacha wins face-off versus Anthony Cirelli in Influenza zone.
4:52 of 1st period - Seth Helgeson is hit by Justin Bailey and loses puck.
4:59 of 1st period - Snap shot by JT Compher.
4:59 of 1st period - Deflect By Justin Bailey.
4:59 of 1st period - Stopped by Alexandar Georgiev without a rebound.
5:00 of 1st period - Pavel Zacha wins face-off versus Stefan Matteau in Monarchs zone.
5:07 of 1st period - Slapshot by JT Compher.
5:07 of 1st period - Stopped by Alexandar Georgiev with a rebound.
5:26 of 1st period - JT Compher is hit by Ryan Pulock and loses puck.
5:51 of 1st period - Snap shot by JT Compher.
5:51 of 1st period - Shot Misses the Net.
5:57 of 1st period - Slapshot by Damon Severson.
5:57 of 1st period - Stopped by Malcolm Subban with a rebound.
5:59 of 1st period - Snap shot by Joel Eriksson Ek.
5:59 of 1st period - Stopped by Malcolm Subban without a rebound.
6:00 of 1st period - Iiro Pakarinen wins face-off versus Stefan Matteau in Influenza zone.
6:05 of 1st period - Wrist shot by Stefan Matteau.
6:05 of 1st period - Stopped by Malcolm Subban with a rebound.
6:25 of 1st period - Tim Erixon is hit by Brayden Point.
6:51 of 1st period - Snap shot by Iiro Pakarinen.
6:51 of 1st period - Stopped by Alexandar Georgiev without a rebound.
6:52 of 1st period - Anthony Cirelli wins face-off versus Brock Boeser in Monarchs zone.
6:58 of 1st period - Slapshot by Olli Maatta.
6:58 of 1st period - Shot Blocked by Tim Erixon.
7:06 of 1st period - Snap shot by Zach Werenski.
7:06 of 1st period - Stopped by Malcolm Subban without a rebound.
7:07 of 1st period - Shane Prince wins face-off versus Stefan Matteau in Influenza zone.
7:14 of 1st period - Slapshot by Tom Kuhnhackl.
7:14 of 1st period - Shot Blocked by Stefan Matteau.
7:32 of 1st period - Snap shot by JT Compher.
7:32 of 1st period - Stopped by Alexandar Georgiev without a rebound.
7:33 of 1st period - Pavel Zacha wins face-off versus Anthony Cirelli in Monarchs zone.
7:59 of 1st period - Icing by Jacob De La Rose.
8:00 of 1st period - Anthony Cirelli wins face-off versus Bo Horvat in Monarchs zone.
8:27 of 1st period - Icing by Dmitry Sinitsyn.
8:28 of 1st period - Bo Horvat wins face-off versus Stefan Matteau in Influenza zone.
8:57 of 1st period - Matt Roy is hit by Lucas Lessio and loses puck.
9:14 of 1st period - Snap shot by Justin Bailey.
9:14 of 1st period - Shot Misses the Net.
9:16 of 1st period - Slapshot by Dmitry Sinitsyn.
9:16 of 1st period - Stopped by Alexandar Georgiev with a rebound.
9:38 of 1st period - Wrist shot by Frank Vatrano.
9:38 of 1st period - Stopped by Malcolm Subban with a rebound.
9:40 of 1st period - Snap shot by Frank Vatrano.
9:40 of 1st period - Stopped by Malcolm Subban with a rebound.
10:03 of 1st period - Colton Sissons is hit by Olli Maatta and loses puck.
10:24 of 1st period - Wrist shot by Pavel Zacha.
10:24 of 1st period - Goal by Pavel Zacha - Influenza : 1 - Monarchs : 0.
10:25 of 1st period - Stefan Matteau wins face-off versus Bo Horvat in neutral zone.
10:32 of 1st period - Slapshot by Nick Ritchie.
10:32 of 1st period - Shot Blocked by Noah Hanifin.
10:34 of 1st period - Slapshot by Stefan Matteau.
10:34 of 1st period - Stopped by Malcolm Subban without a rebound.
10:35 of 1st period - Stefan Matteau wins face-off versus Iiro Pakarinen in Influenza zone.
10:56 of 1st period - Snap shot by Travis Konecny.
10:56 of 1st period - Stopped by Malcolm Subban with a rebound.
10:58 of 1st period - Wrist shot by Nick Ritchie.
10:58 of 1st period - Shot Misses the Net.
11:00 of 1st period - Wrist shot by Nick Ritchie.
11:00 of 1st period - Stopped by Malcolm Subban with a rebound.
11:06 of 1st period - Wrist shot by Stefan Matteau.
11:06 of 1st period - Stopped by Malcolm Subban with a rebound.
11:08 of 1st period - Snap shot by Stefan Matteau.
11:08 of 1st period - Shot Blocked by Iiro Pakarinen.
11:16 of 1st period - Wrist shot by Travis Konecny.
11:16 of 1st period - Shot Hit the Post.
11:18 of 1st period - Snap shot by Stefan Matteau.
11:18 of 1st period - Shot Misses the Net.
11:57 of 1st period - Travis Konecny is hit by Bo Horvat and loses puck.
12:20 of 1st period - Iiro Pakarinen is hit by Ryan Pulock and loses puck.
12:47 of 1st period - Slapshot by Stefan Matteau.
12:47 of 1st period - Shot Misses the Net.
12:49 of 1st period - Slapshot by Stefan Matteau.
12:49 of 1st period - Shot Misses the Net.
12:51 of 1st period - Snap shot by Stefan Matteau.
12:51 of 1st period - Stopped by Malcolm Subban without a rebound.
12:52 of 1st period - Brayden Point wins face-off versus Pavel Zacha in Influenza zone.
13:21 of 1st period - Anthony Cirelli is hit by Colton Sissons and loses puck.
13:56 of 1st period - Dmitry Sinitsyn is hit by Tim Schaller and loses puck.
14:06 of 1st period - Icing by Damon Severson.
14:07 of 1st period - Anthony Cirelli wins face-off versus Colton Sissons in Monarchs zone.
14:12 of 1st period - Snap shot by Damon Severson.
14:12 of 1st period - Stopped by Malcolm Subban without a rebound.
14:13 of 1st period - Colton Sissons wins face-off versus Anthony Cirelli in Influenza zone.
14:20 of 1st period - Wrist shot by Lucas Lessio.
14:20 of 1st period - Deflect By Brock Boeser.
14:20 of 1st period - Stopped by Alexandar Georgiev with a rebound.
14:22 of 1st period - Slapshot by Brock Boeser.
14:22 of 1st period - Shot Misses the Net.
14:38 of 1st period - Zach Werenski is hit by Lucas Lessio and loses puck.
14:45 of 1st period - Snap shot by Neal Pionk.
14:45 of 1st period - Deflect By Frank Vatrano.
14:45 of 1st period - Goal by Frank Vatrano - Influenza : 1 - Monarchs : 1.
14:46 of 1st period - Pavel Zacha wins face-off versus Tim Schaller in neutral zone.
15:11 of 1st period - Neal Pionk is hit by Luca Sbisa.
15:35 of 1st period - Iiro Pakarinen is hit by Frank Vatrano and loses puck.
16:10 of 1st period - Minor Penalty to Kurtis Macdermid for Roughing.
16:11 of 1st period - Jacob De La Rose wins face-off versus Bo Horvat in Monarchs zone.
16:38 of 1st period - Jacob De La Rose is hit by JT Compher and loses puck.
16:53 of 1st period - Snap shot by Max Friberg.
16:53 of 1st period - Stopped by Malcolm Subban without a rebound.
16:54 of 1st period - Max Friberg wins face-off versus Bo Horvat in Influenza zone.
17:05 of 1st period - Bo Horvat is hit by Olli Maatta and loses puck.
18:10 of 1st period - Penalty to Kurtis Macdermid is over, Kurtis Macdermid is back on ice.
18:47 of 1st period - Roland McKeown is hit by Matt Roy and loses puck.
19:02 of 1st period - Joel Eriksson Ek is hit by Pavel Zacha and loses puck.
19:49 of 1st period - Tom Kuhnhackl is hit by Tom Wilson and loses puck.
Goals for this period are 1 for Influenza vs 1 for Monarchs .
Shots for this period are 8 for Influenza vs 17 for Monarchs .
2nd period
0:01 of 2nd period - Pavel Zacha wins face-off versus Brayden Point in neutral zone.
0:04 of 2nd period - Slapshot by Luca Sbisa.
0:04 of 2nd period - Shot Blocked by Zach Werenski.
0:33 of 2nd period - Slapshot by Pavel Zacha.
0:33 of 2nd period - Stopped by Alexandar Georgiev with a rebound.
0:57 of 2nd period - Slapshot by Damon Severson.
0:57 of 2nd period - Stopped by Malcolm Subban with a rebound.
0:59 of 2nd period - Snap shot by Frank Vatrano.
0:59 of 2nd period - Shot Misses the Net.
1:15 of 2nd period - Slapshot by Lucas Lessio.
1:15 of 2nd period - Shot Misses the Net.
1:17 of 2nd period - Slapshot by Luca Sbisa.
1:17 of 2nd period - Stopped by Alexandar Georgiev with a rebound.
1:53 of 2nd period - Snap shot by Iiro Pakarinen.
1:53 of 2nd period - Shot Misses the Net.
1:55 of 2nd period - Snap shot by Iiro Pakarinen.
1:55 of 2nd period - Goal by Iiro Pakarinen - Influenza : 2 - Monarchs : 1.
1:56 of 2nd period - Pavel Zacha wins face-off versus Brayden Point in neutral zone.
2:03 of 2nd period - Snap shot by Pavel Zacha.
2:03 of 2nd period - Shot Blocked by Zach Werenski.
2:10 of 2nd period - Off-side.
2:11 of 2nd period - Anthony Cirelli wins face-off versus Max Domi in neutral zone.
2:14 of 2nd period - Slapshot by Zach Werenski.
2:14 of 2nd period - Shot Misses the Net.
2:16 of 2nd period - Wrist shot by Jacob De La Rose.
2:16 of 2nd period - Stopped by Malcolm Subban with a rebound.
2:18 of 2nd period - Slapshot by Zach Werenski.
2:18 of 2nd period - Shot Hit the Post.
2:20 of 2nd period - Slapshot by Zach Werenski.
2:20 of 2nd period - Stopped by Malcolm Subban with a rebound.
2:22 of 2nd period - Slapshot by Olli Maatta.
2:22 of 2nd period - Shot Blocked by Iiro Pakarinen.
2:24 of 2nd period - Slapshot by Zach Werenski.
2:24 of 2nd period - Shot Misses the Net.
3:19 of 2nd period - Colton Sissons is hit by Joel Eriksson Ek and loses puck.
3:26 of 2nd period - Wrist shot by Markus Nutivaara.
3:26 of 2nd period - Stopped by Alexandar Georgiev with a rebound.
4:10 of 2nd period - Wrist shot by Travis Konecny.
4:10 of 2nd period - Shot Misses the Net.
6:20 of 2nd period - Wrist shot by Nicholas Baptiste.
6:20 of 2nd period - Stopped by Malcolm Subban with a rebound.
6:32 of 2nd period - Slapshot by Stefan Matteau.
6:32 of 2nd period - Shot Blocked by Tim Erixon.
6:34 of 2nd period - Wrist shot by Travis Konecny.
6:34 of 2nd period - Shot Misses the Net.
6:36 of 2nd period - Backhand shot by Nick Ritchie.
6:36 of 2nd period - Goal by Nick Ritchie - Influenza : 2 - Monarchs : 2.
6:37 of 2nd period - Bo Horvat wins face-off versus Tim Schaller in neutral zone.
6:40 of 2nd period - Snap shot by Max Domi.
6:40 of 2nd period - Stopped by Alexandar Georgiev with a rebound.
6:42 of 2nd period - Slapshot by Tim Erixon.
6:42 of 2nd period - Shot Blocked by Olli Maatta.
6:44 of 2nd period - Slapshot by Luca Sbisa.
6:44 of 2nd period - Shot Misses the Net.
7:24 of 2nd period - Wrist shot by Lucas Lessio.
7:24 of 2nd period - Goal by Lucas Lessio - Influenza : 3 - Monarchs : 2.
7:25 of 2nd period - Bo Horvat wins face-off versus Brayden Point in neutral zone.
7:50 of 2nd period - Damon Severson is hit by Pavel Zacha and loses puck.
8:08 of 2nd period - Off-side.
8:09 of 2nd period - Stefan Matteau wins face-off versus Colton Sissons in neutral zone.
8:34 of 2nd period - Tom Wilson is hit by Bo Horvat and loses puck.
8:41 of 2nd period - Wrist shot by Bo Horvat.
8:41 of 2nd period - Stopped by Alexandar Georgiev without a rebound.
8:42 of 2nd period - Max Domi wins face-off versus Anthony Cirelli in Monarchs zone.
8:43 of 2nd period - Snap shot by Bo Horvat.
8:43 of 2nd period - Deflect By Max Domi.
8:43 of 2nd period - Shot Misses the Net.
8:43 of 2nd period - Puck is out of play.
8:44 of 2nd period - Bo Horvat wins face-off versus Anthony Cirelli in Monarchs zone.
10:35 of 2nd period - Off-side.
10:36 of 2nd period - Brayden Point wins face-off versus Pavel Zacha in neutral zone.
10:39 of 2nd period - Justin Bailey is hit by Tom Wilson and loses puck.
11:17 of 2nd period - Wrist shot by Nick Ritchie.
11:17 of 2nd period - Stopped by Malcolm Subban with a rebound.
11:29 of 2nd period - Snap shot by Nicholas Baptiste.
11:29 of 2nd period - Shot Misses the Net.
11:31 of 2nd period - Slapshot by Neal Pionk.
11:31 of 2nd period - Deflect By Nicholas Baptiste.
11:31 of 2nd period - Goal by Nicholas Baptiste - Influenza : 3 - Monarchs : 3.
11:32 of 2nd period - Brayden Point wins face-off versus Bo Horvat in neutral zone.
11:58 of 2nd period - Minor Penalty to Justin Bailey for Holding.
11:59 of 2nd period - Colton Sissons wins face-off versus Brayden Point in Influenza zone.
12:53 of 2nd period - Ryan Pulock is hit by Iiro Pakarinen.
13:19 of 2nd period - Pavel Zacha is hit by Tom Wilson and loses puck.
13:30 of 2nd period - Nick Ritchie is hit by Iiro Pakarinen and loses puck.
13:58 of 2nd period - Penalty to Justin Bailey is over, Justin Bailey is back on ice.
14:03 of 2nd period - Lucas Lessio is hit by Nicholas Baptiste and loses puck.
14:36 of 2nd period - Snap shot by Nicholas Baptiste.
14:36 of 2nd period - Shot Misses the Net.
14:38 of 2nd period - Snap shot by Max Friberg.
14:38 of 2nd period - Stopped by Malcolm Subban without a rebound.
14:39 of 2nd period - Anthony Cirelli wins face-off versus Bo Horvat in Influenza zone.
14:54 of 2nd period - Snap shot by Anthony Cirelli.
14:54 of 2nd period - Shot Misses the Net.
16:04 of 2nd period - Double Minor Penalty to Stefan Matteau for High sticking.
16:05 of 2nd period - Anthony Cirelli wins face-off versus Bo Horvat in Monarchs zone.
17:20 of 2nd period - Luca Sbisa is hit by Tim Schaller and loses puck.
18:47 of 2nd period - Icing by Luca Sbisa.
18:48 of 2nd period - Colton Sissons wins face-off versus Tim Schaller in Influenza zone.
19:56 of 2nd period - Max Domi is hit by Joel Eriksson Ek and loses puck.
Goals for this period are 2 for Influenza vs 2 for Monarchs .
Shots for this period are 7 for Influenza vs 8 for Monarchs .
3rd period
0:01 of 3rd period - Bo Horvat wins face-off versus Anthony Cirelli in neutral zone.
0:04 of 3rd period - Penalty to Stefan Matteau is over, Stefan Matteau is back on ice.
0:04 of 3rd period - Snap shot by Bo Horvat.
0:04 of 3rd period - Deflect By Max Domi.
0:04 of 3rd period - Stopped by Alexandar Georgiev with a rebound.
0:06 of 3rd period - Backhand shot by Bo Horvat.
0:06 of 3rd period - Shot Misses the Net.
0:08 of 3rd period - Snap shot by Max Domi.
0:08 of 3rd period - Shot Blocked by Olli Maatta.
0:10 of 3rd period - Slapshot by Max Domi.
0:10 of 3rd period - Stopped by Alexandar Georgiev without a rebound.
0:11 of 3rd period - Brayden Point wins face-off versus JT Compher in Monarchs zone.
0:11 of 3rd period - Brayden Point is hit by Tim Erixon.
0:21 of 3rd period - Wrist shot by Tim Schaller.
0:21 of 3rd period - Stopped by Malcolm Subban with a rebound.
0:37 of 3rd period - Iiro Pakarinen is hit by Travis Konecny.
0:45 of 3rd period - Slapshot by Nick Ritchie.
0:45 of 3rd period - Stopped by Malcolm Subban with a rebound.
1:05 of 3rd period - Brock Boeser is hit by Jacob De La Rose and loses puck.
1:20 of 3rd period - Wrist shot by Ryan Dzingel.
1:20 of 3rd period - Stopped by Alexandar Georgiev with a rebound.
1:43 of 3rd period - Minor Penalty to Tom Wilson for Interference.
1:44 of 3rd period - Anthony Cirelli wins face-off versus Bo Horvat in Monarchs zone.
2:16 of 3rd period - Off-side.
2:17 of 3rd period - Bo Horvat wins face-off versus Max Friberg in neutral zone.
2:20 of 3rd period - Joel Eriksson Ek is hit by Bo Horvat and loses puck.
2:25 of 3rd period - Snap shot by Max Domi.
2:25 of 3rd period - Shot Misses the Net.
2:59 of 3rd period - Jacob De La Rose is hit by JT Compher and loses puck.
3:16 of 3rd period - Backhand shot by Iiro Pakarinen.
3:16 of 3rd period - Stopped by Alexandar Georgiev without a rebound.
3:17 of 3rd period - Bo Horvat wins face-off versus Max Friberg in Monarchs zone.
3:26 of 3rd period - Snap shot by Max Domi.
3:26 of 3rd period - Goal by Max Domi - Influenza : 4 - Monarchs : 3.
3:27 of 3rd period - Travis Konecny wins face-off versus Bo Horvat in neutral zone.
3:29 of 3rd period - Stefan Matteau is hit by Luca Sbisa and loses puck.
3:36 of 3rd period - Slapshot by Zach Werenski.
3:36 of 3rd period - Stopped by Malcolm Subban with a rebound.
3:48 of 3rd period - Minor Penalty to Luca Sbisa for Hooking.
3:49 of 3rd period - Brayden Point wins face-off versus Colton Sissons in Influenza zone.
5:14 of 3rd period - Anthony Cirelli is hit by Bo Horvat and loses puck.
5:37 of 3rd period - Anthony Cirelli is hit by Colton Sissons and loses puck.
5:48 of 3rd period - Penalty to Luca Sbisa is over, Luca Sbisa is back on ice.
6:17 of 3rd period - Joel Eriksson Ek is hit by Max Domi and loses puck.
6:52 of 3rd period - Nick Ritchie is hit by Justin Bailey and loses puck.
7:53 of 3rd period - Slapshot by Ryan Dzingel.
7:53 of 3rd period - Goal by Ryan Dzingel - Influenza : 5 - Monarchs : 3.
7:53 of 3rd period - Jake Allen enters game.
7:54 of 3rd period - Brayden Point wins face-off versus Bo Horvat in neutral zone.
8:41 of 3rd period - Off-side.
8:42 of 3rd period - Anthony Cirelli wins face-off versus Colton Sissons in neutral zone.
8:55 of 3rd period - Colton Sissons is hit by Frank Vatrano and loses puck.
9:08 of 3rd period - Lucas Lessio is hit by Stefan Matteau and loses puck.
9:41 of 3rd period - Wrist shot by Nicholas Baptiste.
9:41 of 3rd period - Shot Misses the Net.
10:13 of 3rd period - JT Compher is hit by Frank Vatrano and loses puck.
10:48 of 3rd period - Slapshot by Markus Nutivaara.
10:48 of 3rd period - Deflect By Bo Horvat.
10:48 of 3rd period - Stopped by Jake Allen with a rebound.
11:08 of 3rd period - Snap shot by Max Friberg.
11:08 of 3rd period - Stopped by Malcolm Subban with a rebound.
11:18 of 3rd period - Damon Severson is hit by Shane Prince and loses puck.
13:50 of 3rd period - Wrist shot by Tim Schaller.
13:50 of 3rd period - Shot Misses the Net.
14:22 of 3rd period - Slapshot by Olli Maatta.
14:22 of 3rd period - Stopped by Malcolm Subban with a rebound.
14:46 of 3rd period - Slapshot by Neal Pionk.
14:46 of 3rd period - Shot Misses the Net.
14:48 of 3rd period - Slapshot by Anthony Cirelli.
14:48 of 3rd period - Stopped by Malcolm Subban without a rebound.
14:49 of 3rd period - Tom Wilson wins face-off versus Bo Horvat in Influenza zone.
15:04 of 3rd period - Brayden Point is hit by Markus Nutivaara and loses puck.
15:45 of 3rd period - Wrist shot by Nick Ritchie.
15:45 of 3rd period - Goal by Nick Ritchie - Influenza : 5 - Monarchs : 4.
15:46 of 3rd period - Anthony Cirelli wins face-off versus Colton Sissons in neutral zone.
16:13 of 3rd period - Bo Horvat is hit by Stefan Matteau and loses puck.
16:22 of 3rd period - Snap shot by Bo Horvat.
16:22 of 3rd period - Stopped by Jake Allen with a rebound.
16:24 of 3rd period - Wrist shot by Max Domi.
16:24 of 3rd period - Shot Misses the Net.
16:26 of 3rd period - Wrist shot by Iiro Pakarinen.
16:26 of 3rd period - Shot Misses the Net.
17:03 of 3rd period - Dmitry Sinitsyn is hit by Seth Helgeson and loses puck.
18:00 of 3rd period - Brayden Point is hit by JT Compher and loses puck.
18:07 of 3rd period - Slapshot by Pavel Zacha.
18:07 of 3rd period - Stopped by Jake Allen without a rebound.
18:08 of 3rd period - Anthony Cirelli wins face-off versus Colton Sissons in Monarchs zone.
18:17 of 3rd period - Snap shot by Brock Boeser.
18:17 of 3rd period - Stopped by Jake Allen with a rebound.
18:19 of 3rd period - Wrist shot by Colton Sissons.
18:19 of 3rd period - Shot Misses the Net.
18:35 of 3rd period - Slapshot by JT Compher.
18:35 of 3rd period - Shot Misses the Net.
18:37 of 3rd period - Snap shot by JT Compher.
18:37 of 3rd period - Shot Misses the Net.
18:55 of 3rd period - Monarchs , Jake Allen is pulled from the net.
19:22 of 3rd period - Wrist shot by Bo Horvat.
19:22 of 3rd period - Shot Misses the Net.
19:24 of 3rd period - Wrist shot by Bo Horvat.
19:24 of 3rd period - Goal by Bo Horvat - Influenza : 6 - Monarchs : 4.
19:24 of 3rd period - Jake Allen from Monarchs was sent back in the game.
19:25 of 3rd period - Colton Sissons wins face-off versus Anthony Cirelli in neutral zone.
Goals for this period are 3 for Influenza vs 1 for Monarchs .
Shots for this period are 11 for Influenza vs 7 for Monarchs .